AoeStats
← Matus_SK

Hill Fort

505324034Analyzed
2v2 RM · 22d ago on Sep 8, 2026· 57m 56s· 4 players
Game mode
Random Map
Map size
Medium (4 player)
Population
200
Speed
Normal
Resources
Standard
Victory
Conquest
Starting age
Dark Age
Ending age
Imperial Age
RankedLock teamsTeams togetherTeam positionsShared explorationLock speedFull tech treeHidden civsTurbo modeCheats
Victory
Defeat
🇺🇸 Lithuanians · United States
422
+18
🇺🇸 Portuguese · United States
284
+20
🇸🇰 Byzantines · Slovakia
439
-20
🇨🇴 Aztecs · Colombia
335
-15
felgato123
3:36 Loom
14:38 Feudal Age
15:22 Double-Bit Axe
15:29 Horse Collar
18:49 Wheelbarrow
29:49 Castle Age
31:06 Town Watch
32:55 Gold Mining
33:43 Pikeman
33:49 Crossbowman
36:30 Bow Saw
41:13 Hand Cart
41:49 Eagle Warrior
46:50 Gold Shaft Mining
46:09 Stone Mining
46:29 Caravan
47:00 Coinage
47:38 Forging
47:19 Fletching
48:24 Town Patrol
50:19 Heavy Plow
52:46 Atlatl
56:15 Imperial Age
57:22 Stone Shaft Mining
Matus_SK
13:35 Feudal Age
14:03 Double-Bit Axe
14:02 Horse Collar
15:23 Wheelbarrow
16:55 Loom
22:09 Castle Age
22:44 Gold Mining
22:59 Heavy Plow
23:11 Bow Saw
23:33 Hand Cart
24:00 Stone Mining
27:03 Fervor
27:43 Treadmill Crane
28:15 Fortified Wall
30:43 Imperial Age
32:02 Crop Rotation
32:34 Two-Man Saw
32:14 Gold Shaft Mining
32:56 Chemistry
35:14 Loom
35:04 Pikeman
37:05 Scale Mail Armor
37:16 Forging
36:56 Fletching
38:10 Squires
39:18 Iron Casting
38:45 Padded Archer Armor
39:20 Ballistics
39:17 Caravan
43:55 Chain Mail Armor
43:57 Leather Archer Armor
43:47 Gambesons
45:13 Stone Shaft Mining
46:08 Bodkin Arrow
46:44 Plate Mail Armor
46:45 Ring Archer Armor
47:21 Bracer
50:58 Conscription
51:56 Scale Barding Armor
54:07 Chain Barding Armor
54:03 Arson
53:39 Halberdier
56:03 Hoardings
56:11 Plate Barding Armor
55:47 Murder Holes
CHHSND16
6:47 Loom
17:45 Feudal Age
27:51 Double-Bit Axe
31:57 Horse Collar
33:01 Scale Mail Armor
33:07 Scale Barding Armor
33:02 Padded Archer Armor
32:52 Fletching
33:13 Forging
37:18 Castle Age
37:30 Castle Age
37:38 Castle Age
41:36 Elite Skirmisher
41:37 Crossbowman
42:22 Thumb Ring
46:45 Heavy Plow
47:34 Hill Forts
49:24 Bow Saw
53:22 Imperial Age
52:12 Man-at-Arms
52:13 Pikeman
52:39 Arson
52:56 Squires
52:44 Arson
52:24 Man-at-Arms
54:39 Wheelbarrow
53:50 Town Watch
56:39 Crop Rotation
nathanm888
8:34 Loom
14:36 Feudal Age
23:44 Man-at-Arms
28:26 Wheelbarrow
27:43 Horse Collar
27:52 Double-Bit Axe
29:34 Arson
31:18 Wheelbarrow
30:46 Fishing Lines
37:14 Castle Age
37:19 Forging
37:09 Scale Mail Armor
37:15 Scale Barding Armor
37:00 Fletching
37:11 Padded Archer Armor
37:18 Town Watch
37:29 Gold Mining
37:29 Stone Mining
38:42 Hand Cart
39:24 Gambesons
39:00 Long Swordsman
39:01 Pikeman
40:52 Thumb Ring
40:10 Crossbowman
41:01 Gillnets
42:14 Caravan
42:22 Caravan
42:52 Circumnavigation
46:20 Iron Casting
46:00 Chain Mail Armor
46:06 Chain Barding Armor
45:42 Bodkin Arrow
46:03 Leather Archer Armor
47:48 Treadmill Crane
48:43 Elite Skirmisher
49:37 Bloodlines
48:47 Light Cavalry
49:28 Husbandry
49:42 Masonry
49:24 Guard Tower
50:20 Stone Shaft Mining
49:52 Heavy Plow
50:10 Bow Saw
55:33 Heresy
55:08 Herbal Medicine
55:35 Sanctity
55:15 Devotion
55:16 Atonement
55:27 Redemption
55:28 Fervor
59:30 Imperial Age
Connection lost

Rejoining the realm…

Still unreachable

The connection could not be restored.

Session expired

The server has moved on; the page needs a fresh start.